 Dungeon Crawl Stone Soup version 0.24.0-123-gd5b16e6ec5 (webtiles) character file.

Game seed: 16131545868699500102, levelgen mode: deterministic

18 Ereth the Magician (level 2, 24/24 HPs)
             Began as a Troll Wizard on Dec 13, 2019.
             Got out of the dungeon alive.
             The game lasted 00:02:24 (282 turns).

Ereth the Magician (Troll Wizard)                    Turns: 282, Time: 00:02:25

Health: 24/24      AC:  6    Str: 14    XL:     2   Next: 51%
Magic:  4/4        EV: 10    Int: 14    God:
Gold:   39         SH:  0    Dex:  8    Spells: 4/5 levels left

rFire    . . .     SeeInvis .   (no weapon)
rCold    . . .     Gourm    +   (no shield)
rNeg     . . .     Faith    .   a - +0 robe
rPois    .         Spirit   .   b - +0 hat
rElec    .         Reflect  .   (no cloak)
rCorr    .         Harm     .   (gloves unavailable)
MR       .....                  (boots unavailable)
Stlth    +.........             (no amulet)
HPRegen  0.48/turn              (no ring)
MPRegen  0.09/turn              (no ring)

@: no status effects
A: large, unfitting armour, claws 3, fast metabolism 3, gourmand, regeneration
1, shaggy fur 1, tough skin 3
a: no special abilities


You escaped.
You were very full.

You visited 1 branch of the dungeon, and saw 1 of its levels.

You collected 39 gold pieces.

Inventory:

Missiles
 e - 2 boomerangs (quivered)
Armour
 a - a +0 robe (worn)
 b - a +0 hat (worn)
Scrolls
 c - a scroll of enchant weapon {unknown}
Potions
 f - a potion of degeneration {unknown}
Comestibles
 d - 2 rations


   Skills:
 + Level 2.0 Dodging
 + Level 1.2 Stealth
 + Level 0.3 Unarmed Combat
 + Level 2.1 Spellcasting
 + Level 0.6 Conjurations
   Level 0.6 Summonings
   Level 0.6 Translocations


You had 4 spell levels left.
You knew the following spells:

 Your Spells              Type           Power        Failure   Level  Hunger
a - Magic Dart            Conj           #...         19%         1    #......

Your spell library contained the following spells:

 Spells                   Type           Power        Failure   Level  Hunger
 Blink                    Tloc           N/A          28%         2    ###....
 Call Imp                 Summ           #.......     28%         2    ###....
 Slow                     Hex            #.......     34%         2    ###....
 Conjure Flame            Conj/Fire      #.......     52%         3    ###....
 Mephitic Cloud           Conj/Pois/Air  #.......     54%         3    ###....


Dungeon Overview and Level Annotations

Branches:
Dungeon (1/15)

Altars:


Innate Abilities, Weirdness & Mutations

You are too large for most types of armour.
You have claws for hands.
Your metabolism is lightning-fast.
You like to eat raw meat.
Your natural rate of healing is unusually fast.
You are covered in fur. (AC +1)
You have extremely tough skin. (AC +3)


Message History

Save game and exit?
Welcome back, Ereth the Troll Wizard.
Press ? for a list of commands and other information.
(D) Dungeon
Where to? (? - help)
What level of the Dungeon? (default 1, ? - help) You're already here!
Welcome back, Ereth the Troll Wizard.
Press ? for a list of commands and other information.
Eating a chunk of flesh.
You eat the chunk of flesh.
This raw flesh tastes great.
Your magical contamination has completely faded away.
Things that are here:
a cursed -2 whip; a kobold corpse Magic restored.
You see here a +0 club.
There is a staircase leading out of the dungeon here.
You can't go down here!
Are you sure you want to leave the Dungeon?
This will make you lose the game!
You have escaped!

........####.#
#...#.....#.#
...........#.#
###.###.###.#
#.....####...#
#...#.....#.# #....##
###.###.#######.#.# #.####
#.#.....# #...# #.#
#.#.###.# ###.# ..#
#.#.#...# #.# ###
###.#.#.##### ##.#
#####...#.#@#...# #..#
###.....#.#.###.#.#####.#
#...#####)#.....#...#...#
##.### #.###.###.#.#.###
###..# #.....#...#...#
....########.#####.#######
.##..........# #.
....########## # #####


There were no monsters in sight!

Vanquished Creatures
  2 dart slugs (D:1)
  2 leopard geckos (D:1)
  3 bats (D:1)
  A giant cockroach (D:1)
  A goblin (D:1)
  A hobgoblin (D:1)
  A kobold (D:1)
  A rat (D:1)
12 creatures vanquished.

Notes
Turn   | Place    | Note
-------+----------+-------------------------------------------
     0 | D:1      | Ereth the Troll Wizard began the quest for the Orb.
     0 | D:1      | Reached XP level 1. HP: 16/16 MP: 2/2
   104 | D:1      | Reached XP level 2. HP: 13/24 MP: 4/4
   227 | D:1      | Upgraded the game from 0.24.0-41-g2ae2f7f1be to
                  | 0.24.0-123-gd5b16e6ec5
   282 | D:$      | Got out of the dungeon alive.

Levels and vault maps discovered:
D:1:      elethiomel_arrival_maze, layout_rooms

Skill      XL: |  1 |
---------------+----+-----
Dodging        | 2 |  2.0
Stealth        | |  1.2
Unarmed Combat | |  0.3
Spellcasting   | |  2.1
Conjurations   | |  0.6
Summonings     | |  0.6
Translocations | |  0.6

Action                   || total
-------------------------++-------
Melee: Unarmed           ||    37
Throw: Boomerang         ||     2
 Cast: Magic Dart        ||     9
  Eat: Chunk             ||     7
Armor: Robe              ||    30
Dodge: Dodged            ||    30
